 Dungeon Crawl Stone Soup version 0.25.1-8-g42b30a86e7 (webtiles) character file.

Game seed: 16814689265569085011

140 hawla the Magician (level 5, -16/24 HPs)
             Began as a Felid Conjurer on Dec 17, 2020.
             Demolished by an ogre
             ... wielding a +0 giant club
              (23 damage)
             ... on level 4 of the Dungeon.
             The game lasted 00:09:09 (3513 turns).

hawla the Magician (Felid Conjurer)                 Turns: 3513, Time: 00:09:10

Health: -16/24     AC:  1    Str:  5    XL:     5   Next: 2%
Magic:  3/11       EV: 14    Int: 16    God:
Gold:   166        SH:  0    Dex: 17    Spells: 1/11 levels left
                                        Lives:  0   Deaths: 1

rFire    . . .     SeeInvis +   (weapon unavailable)
rCold    . . .     Gourm    .   (shield unavailable)
rNeg     . . .     Faith    .   (armour unavailable)
rPois    .         Spirit   .   (helmet unavailable)
rElec    .         Reflect  .   (cloak unavailable)
rCorr    .         Harm     .   (gloves unavailable)
MR       .....                  (boots unavailable)
Stlth    +++.......             (no amulet)
HPRegen  0.08/turn              d - -4 ring of evasion (curse)
MPRegen  0.12/turn              (no ring)

@: quick
A: very small, no armour, no weapons or thrown items, stealth, claws 1, fangs 3,
see invisible, carnivore, speed 1, shaggy fur 1, slow metabolism 1, sharp paws
a: no special abilities


You were on level 4 of the Dungeon.
You were very full.

You visited 1 branch of the dungeon, and saw 4 of its levels.

You collected 166 gold pieces.

Inventory:

Jewellery
 d - a cursed -4 ring of evasion (left paw)
 h - an uncursed ring of ice
Potions
 a - a potion of resistance
 e - a potion of haste
 f - a potion of curing
 g - 2 potions of heal wounds {unknown}
 j - a potion of invisibility {unknown}
Comestibles
 b - 8 rations


   Skills:
 - Level 3.2 Fighting
 - Level 2.6 Dodging
 - Level 2.6 Stealth
 + Level 3.8 Spellcasting
 + Level 3.7 Conjurations
 + Level 1.0 Hexes
 + Level 1.0 Translocations


You had one spell level left.
You knew the following spells:

 Your Spells              Type           Power        Failure   Level  Hunger
a - Magic Dart            Conj           ##..         3%          1    None
b - Searing Ray           Conj           ##....       5%          2    ##.....
c - Iskenderun's Mystic   Conj/Tloc      ##......     54%         4    ####...
d - Dazzling Flash        Conj/Hex       ##....       21%         3    ###....

Your spell library contained the following spells:

 Spells                   Type           Power        Failure   Level  Hunger
 Fulminant Prism          Conj/Hex       ##........   54%         4    ####...


Dungeon Overview and Level Annotations

Branches:
Dungeon (4/15)
 Temple: D:4-7

Altars:
Fedhas
Qazlal


Innate Abilities, Weirdness & Mutations

You cannot wear armour.
You are incapable of wielding weapons or throwing items.
Your paws allow you to move quietly. (Stealth)
You have sharp claws.
You have razor-sharp teeth.
You have supernaturally acute eyesight. (SInv)
You are carnivorous and can eat meat at any time.
You cover ground quickly.
You are covered in fur. (AC +1)
You have a slow metabolism.
Your sharp claws are effective at attacking unaware monsters.


Message History

Casting: Iskenderun's Mystic Blast (potentially lethal; 54% risk of failure)
Confirm with . or Enter, or press ? or * to list all spells.
The spell is extremely dangerous to cast (21% risk of failure)!
Continue anyway?
The ogre hits you with a +0 giant club.
* * * LOW HITPOINT WARNING * * *
Casting: Dazzling Flash (extremely dangerous; 21% risk of failure)
Confirm with . or Enter, or press ? or * to list all spells.
The spell is extremely dangerous to cast (21% risk of failure)!
Continue anyway?
The ogre is dazzled.
The ogre misses you.
Casting: Dazzling Flash (extremely dangerous; 21% risk of failure)
Confirm with . or Enter, or press ? or * to list all spells.
Aiming: Searing Ray (safe; 5% risk of failure)
Press: ? - help, Shift-Dir - straight line, f - ogre
Aim: an ogre, wielding a +0 giant club (lightly wounded, blind)
The searing ray hits the ogre!
The ogre is moderately wounded. (Press . to maintain the ray.)
The ogre hits you with a +0 giant club!!
Ouch! That really hurt!
You die...

#.. ... #.# .. # #.#
.# #.# #.######.#
#.#.##........#
#.$.!....?....######
###.##.####.>.......
#.###....[..#.<#......
.......@.##......#####
....####O####...$.....
... #........###### .
#.........#
#.#####...# ..# #...#
## #...# #...#


You could see an ogre (blind).

Vanquished Creatures
  A crimson imp (D:4)
  An orc wizard (D:3)
  6 adders
  An ooze (D:2)
  2 worms
  2 leopard geckos
  3 orcs (D:3)
  2 giant cockroaches
  5 hobgoblins
  2 kobolds
  10 bats
  3 frilled lizards
  9 goblins
  7 rats
  A fungus (D:2)
55 creatures vanquished.

Notes
Turn   | Place    | Note
-------+----------+-------------------------------------------
     0 | D:1      | hawla the Felid Conjurer began the quest for the Orb.
     0 | D:1      | Reached XP level 1. HP: 7/7 MP: 4/4
   196 | D:1      | Reached skill level 1 in Fighting
   254 | D:1      | Reached XP level 2. HP: 12/12 MP: 3/6
   258 | D:1      | Learned a level 2 spell: Searing Ray
  1219 | D:2      | Found a stormy altar of Qazlal.
  1318 | D:2      | Reached XP level 3. HP: 16/16 MP: 6/8
  1940 | D:2      | Found a blossoming altar of Fedhas.
  2531 | D:3      | Reached XP level 4. HP: 20/20 MP: 6/9
  2550 | D:3      | HP: 1/20 [adder (5)]
  2551 | D:3      | Succumbed to an adder's poison
  2552 | D:3      | Reached XP level 3. HP: 0/16 MP: 0/8
  2704 | D:3      | Reached XP level 4. HP: 21/21 MP: 3/10
  3219 | D:4      | Noticed an ogre
  3271 | D:3      | Learned a level 4 spell: Iskenderun's Mystic Blast
  3275 | D:3      | Learned a level 3 spell: Dazzling Flash
  3313 | D:4      | Reached skill level 1 in Hexes
  3313 | D:4      | Reached skill level 1 in Translocations
  3313 | D:4      | Reached XP level 5. HP: 24/24 MP: 2/11
  3513 | D:4      | Demolished by an ogre

Illustrated notes

Levels and vault maps discovered:
D:1:      sevenhm_arrival_forest_fort_small_5, layout_loops_ring, st_stairs_12,
          hex_medium, minmay_misc_feat_room, chequers_serial_rivers_large_a,
          minmay_heptomino_l4
D:2:      layout_basic, grunt_temple_overflow_forces_of_nature, first_ration
D:3:      layout_basic
D:4:      layout_loops_cross, lemuel_doored_altar,
          gammafunk_temple_overflow_arena,
          chequers_temple_overflow_statue_of_worship, minmay_divided_ellipse,
          uniq_blork_the_orc

Skill      XL: |  1  2  3  4 |
---------------+-------------+-----
Fighting       | 1 3 |  3.2
Spellcasting   | 3 |  3.8
Hexes          | 1 |  1.0
Translocations | 1 |  1.0
Dodging        | |  2.6
Stealth        | |  2.6
Conjurations   | |  3.7

Action                   |  1- 3 |  4- 6 || total
-------------------------+-------+-------++-------
Melee: Unarmed           |    24 |    10 ||    34
       Bite              |     2 |       ||     2
 Cast: Magic Dart        |    70 |    12 ||    82
       Searing Ray       |    12 |    10 ||    22
       Dazzling Flash    |       |     2 ||     2
  Use: Scroll            |     4 |       ||     4
       Potion            |       |     3 ||     3
  Eat: Chunk             |    17 |     1 ||    18
Dodge: Dodged            |     8 |    20 ||    28
